 Seeded DCSS version 0.29.1-15-g9cfb28693d (webtiles) character file.

Game seed: 16245865983455551772 (custom seed)

4 Atreus the Trooper (level 1, 19/19 HPs)
             Began as a Palentonga Berserker on Mar 6, 2023.
             Was a Follower of Trog.
             Quit the game on level 1 of the Dungeon.
             The game lasted 00:00:44 (282 turns).

Atreus the Trooper (Palentonga Berserker)            Turns: 282, Time: 00:00:44

Health: 19/19      AC:  4    Str: 22    XL:     1   Next: 50%
Magic:  1/1        EV:  9    Int:  7    God:    Trog [*.....]
Gold:   1052       SH:  5    Dex:  9    Spells: 0/0 levels left

rFire   + . .      SeeInvis +   a - +0 hand axe
rCold   x . .      Faith    .   (no shield)
rNeg    . . .      Spirit   .   b - +0 animal skin
rPois   +          Reflect  +   (no helmet)
rElec   .          Harm     .   (no cloak)
rCorr   .          Rampage  .   (no gloves)
Will    .....                   (no barding)
Stlth   ++........              c - amulet "Gicwuxeg" {Reflect rPois rF+ rC- SH+5 Stlth+}
HPRegen 0.06/turn               (no ring)
MPRegen 0.07/turn               (no ring)

@: no status effects
A: large, rugged brown scales 3, see invisible, deformed body, roll 1, armoured
tail
a: Rolling Charge, Renounce Religion, Berserk


You were on level 1 of the Dungeon.
You worshipped Trog.
Trog was aware of your devotion.
You visited 1 branch of the dungeon, and saw 1 of its levels.

You collected 1052 gold pieces.

Inventory:

Hand Weapons
 a - a +0 hand axe (weapon)
 d - the +10 quarterstaff "Inuihuvi" {vorpal, +Blink}
   (You acquired it on level 1 of the Dungeon)

   It inflicts extra damage upon your enemies.
   +Blink:    It lets you blink.
Armour
 b - a +0 animal skin (worn)
Jewellery
 c - the amulet "Gicwuxeg" (around neck) {Reflect rPois rF+ rC- SH+5 Stlth+}
   (You acquired it on level 1 of the Dungeon)

   [amulet of reflection]

   It reflects blocked missile attacks.
   rF:        It protects you from fire.
   rC:        It makes you vulnerable to cold.
   rPois:     It protects you from poison.
   SH:        It affects your SH (+5).
   Stlth:     It makes you more stealthy.


   Skills:
 + Level 3.1 Fighting
 + Level 3.1 Axes
 + Level 1.6 Armour
 + Level 1.6 Dodging


You couldn't memorise any spells.
You didn't know any spells.
Your spell library was empty.

Dungeon Overview and Level Annotations

Branches:
Dungeon (1/15)

Altars:


Innate Abilities, Weirdness & Mutations

You are completely covered in rugged brown scales. (AC +3, +7% HP)
You have supernaturally acute eyesight. (SInv)
Armour fits poorly on your strangely shaped body.
You can roll at nearby foes to attack.
You have a long armoured tail.


Message History

Trog accepts your kill.
You see here a quokka corpse.
You start resting.
Things that are here:
a +0 dagger; a goblin corpse An endoplasm comes into view.
There's nothing you can charge at!
Roll where?
Press: ? - help, Q - select action Dir - move target, f - endoplasm
Aim: an endoplasm You roll forward with a clatter of scales!
Found 3 scrolls labelled WAC GOIFOFITOUPLEC.
You barely miss the endoplasm. The endoplasm freezes you.
You are frozen.
You hit the endoplasm.
The endoplasm is moderately wounded.
The endoplasm hits you but does no damage.
You slash the endoplasm!
You kill the endoplasm!
Trog accepts your kill.
c - 3 scrolls labelled WAC GOIFOFITOUPLEC
There are no items here.
This is a scroll of acquirement!
Something appears at your feet!
d - the +10 quarterstaff "Inuihuvi" {vorpal, +Blink} Something appears at your feet!
You now have 1052 gold pieces.
Something appears at your feet!
c - the amulet "Gicwuxeg" {Reflect rPois rF+ rC- SH+5 Stlth+} You aren't carrying any scrolls.
There's nothing you can charge at!
You start putting on your amulet.
You continue putting on the amulet "Gicwuxeg" {Reflect rPois rF+ rC- SH+5 Stlth+}. x5
You finish putting on the amulet "Gicwuxeg" {Reflect rPois rF+ rC- SH+5 Stlth+}.
You feel a shielding aura gather around you.
c - the amulet "Gicwuxeg" (around neck) {Reflect rPois rF+ rC- SH+5 Stlth+} You start resting.
HP restored.
Are you sure you want to abandon this character and quit the game? (Confirm with "yes".)

# .# #.#
######..###
#.@........
.......#..#.....
#.##...#..# ...
#...###.## #
#...#(#..#
#..##.##.##
#..#...#..# ...
#.##...##.##
....
#.....#..#.....


There were no monsters in sight!

Vanquished Creatures
  An endoplasm (D:1)
  A goblin (D:1)
  A quokka (D:1)
3 creatures vanquished.

Notes
Turn   | Place    | Note
-------+----------+-------------------------------------------
     0 | D:1      | Atreus the Palentonga Berserker began the quest for the
                  | Orb.
     0 | D:1      | Reached XP level 1. HP: 19/19 MP: 1/1
   163 | D:1      | Identified 3 scrolls of acquirement
   163 | D:1      | Acquired the +10 quarterstaff "Inuihuvi" {vorpal, +Blink}
   165 | D:1      | Acquired 1052 gold pieces
   167 | D:1      | Acquired the amulet "Gicwuxeg" {Reflect rPois rF+ rC- SH+5
                  | Stlth+}
   282 | D:1      | Quit the game

Illustrated notes

Levels and vault maps discovered:
D:1:      minmay_arrival_hallway, layout_loops_corners, basic_ecumenical_altar,
          minmay_unequal

Action                   || total
-------------------------++-------
Melee: Hand axe          ||     9
 Abil: Rolling Charge    ||     2
  Use: Scroll            ||     3
Armor: Animal skin       ||     3
Dodge: Dodged            ||     3
